AA
BAR HARBOR ISLANDERS @ SAN FRANCISCO SEALS
04/28/2060
 
TOP OF THE 1ST
Bar Harbor Islanders batting - Pitching for San Francisco Seals : RHP Leodis Tra
Pitching: RHP Leodis Tra
Batting: RHB Gareth Peraza 0-0: Called Strike
0-1: Ball
1-1: Ground out 5-3 (Groundball, 25, EV 84.4 MPH)
Batting: RHB Malcolm Taylor 0-0: Called Strike
0-1: Called Strike
0-2: Ball
1-2: Foul Ball, location: 2F
1-2: Ball
2-2: Ball
3-2: Strikes out looking
Batting: LHB Jeremy Morrell 0-0: Foul Ball, location: 2F
0-1: SINGLE (Groundball, 34D, EV 109.4 MPH)
Batting: LHB Gibson Frantz 0-0: Ball
Jeremy Morrell steals 2nd base
1-0: Ball
2-0: Called Strike
2-1: Fly out, F7 (Flyball, 7LD, EV 104.4 MPH)
Top of the 1st over - 0 runs, 1 hit, 0 errors, 1 left on base; Bar Harbor 0 - San Francisco 0
BOTTOM OF THE 1ST
San Francisco Seals batting - Pitching for Bar Harbor Islanders : RHP Jaden Morehouse
Pitching: RHP Jaden Morehouse
Batting: RHB Kyle Phipps 0-0: Called Strike
0-1: Swinging Strike
0-2: Foul Ball, location: 2F
0-2: Ball
1-2: Foul Ball, location: 2F
1-2: Ball
2-2: Fly out, F8 (Flyball, 8RXD, EV 100.0 MPH)
Batting: RHB Devon Roberson 0-0: Ball
1-0: Called Strike
1-1: Swinging Strike
1-2: Foul Ball, location: 2F
1-2: Foul Ball, location: 2F
1-2: Ball
2-2: Ball
3-2: Base on Balls
Batting: RHB Landon Dyer 0-0: Fly out, F7 (Flyball, 78D, EV 66.2 MPH)
Batting: LHB Kurtis Schell 0-0: Ball
1-0: Called Strike
1-1: Ball
2-1: Ball
3-1: Swinging Strike
3-2: Foul Ball, location: 2F
3-2: Strikes out looking
Bottom of the 1st over - 0 runs, 0 hits, 0 errors, 1 left on base; Bar Harbor 0 - San Francisco 0
TOP OF THE 2ND
Bar Harbor Islanders batting - Pitching for San Francisco Seals : RHP Leodis Tra
Batting: SHB Art Villani 0-0: Ball
1-0: Ball
2-0: Foul Ball, location: 2F
2-1: Fly out, F4 (Popup, 4M, EV 66.2 MPH)
Batting: RHB Andy Mandeville 0-0: Swinging Strike
0-1: Called Strike
0-2: Strikes out looking
Batting: RHB Gaven Robinson 0-0: SINGLE (Groundball, 6MD, EV 100.6 MPH)
Batting: RHB Jaxon King 0-0: Ball
1-0: Ground out 3-1 (Groundball, 34, EV 86.9 MPH)
Top of the 2nd over - 0 runs, 1 hit, 0 errors, 1 left on base; Bar Harbor 0 - San Francisco 0
BOTTOM OF THE 2ND
San Francisco Seals batting - Pitching for Bar Harbor Islanders : RHP Jaden Morehouse
Batting: LHB Walt Barefoot 0-0: Ball
1-0: Called Strike
1-1: Ball
2-1: Foul Ball, location: 2F
2-2: Ground out 6-3 (Groundball, 6, EV 85.6 MPH)
Batting: LHB Brian Kohman 0-0: Ball
1-0: Called Strike
1-1: Called Strike
1-2: Ball
2-2: Ground out 5-3 (Groundball, 56S, EV 92.5 MPH)
Batting: RHB Nic Muth 0-0: Ball
1-0: Ball
2-0: Foul Ball, location: 2F
2-1: SOLO HOME RUN (Flyball, 7D, EV 96.2 MPH), Distance : 368 ft
Batting: RHB Braden Coleman 0-0: Ball
1-0: Foul Ball, location: 2F
1-1: Foul Ball, location: 2F
1-2: Ball
2-2: Ball
3-2: Fly out, F9 (Flyball, 89M, EV 96.2 MPH)
Bottom of the 2nd over - 1 run, 1 hit, 0 errors, 0 left on base; Bar Harbor 0 - San Francisco 1
TOP OF THE 3RD
Bar Harbor Islanders batting - Pitching for San Francisco Seals : RHP Leodis Tra
Batting: RHB Clayton Brubaker 0-0: SINGLE (Groundball, 56D, EV 108.8 MPH)
Batting: RHB Gareth Peraza 0-0: Foul Ball, location: 2F
0-1: Foul Ball, location: 2F
0-2: Ball
1-2: Grounds into double play, 4-6-3 (Groundball, 4, EV 99.4 MPH)
Batting: RHB Malcolm Taylor 0-0: Ball
1-0: Swinging Strike
1-1: Swinging Strike
1-2: Foul Ball, location: 2F
1-2: Ball
2-2: Ball
3-2: Base on Balls
Batting: LHB Jeremy Morrell 0-0: Called Strike
0-1: Called Strike
0-2: Ball
Passed Ball!
Malcolm Taylor to second
1-2: Ball
2-2: Foul Ball, location: 2F
2-2: Ground out 6-3 (Groundball, 6MD, EV 105.6 MPH)
Top of the 3rd over - 0 runs, 1 hit, 0 errors, 1 left on base; Bar Harbor 0 - San Francisco 1
BOTTOM OF THE 3RD
San Francisco Seals batting - Pitching for Bar Harbor Islanders : RHP Jaden Morehouse
Batting: RHB Jarod Henderson 0-0: Ball
1-0: Called Strike
1-1: Ball
2-1: Foul Ball, location: 2F
2-2: Foul Ball, location: 2F
2-2: Fly out, F8 (Flyball, 8RM, EV 80.6 MPH)
Batting: RHB Kyle Phipps 0-0: Ball
1-0: Swinging Strike
1-1: Foul Ball, location: 2F
1-2: Ball
2-2: Foul Ball, location: 2F
2-2: Ball
3-2: SINGLE (Line Drive, 6M, EV 97.5 MPH)
Batting: RHB Devon Roberson 0-0: Called Strike
Kyle Phipps steals 2nd base
0-1: Called Strike
0-2: Ball
1-2: Fly out, F3 (Line Drive, 34, EV 93.1 MPH)
Batting: RHB Landon Dyer 0-0: Ball
1-0: Ball
2-0: Ball
3-0: Called Strike
3-1: Base on Balls
Batting: LHB Kurtis Schell 0-0: Ball
1-0: Ball
2-0: Ball
3-0: Called Strike
3-1: Foul Ball, location: 2F
3-2: SINGLE (Flyball, 9S, EV 96.9 MPH)
Kyle Phipps to third
Landon Dyer to second
Kyle Phipps scores
Landon Dyer to third
Batting: LHB Walt Barefoot 0-0: Called Strike
0-1: DOUBLE (Line Drive, 8LXD, EV 105.0 MPH)
Landon Dyer scores
Kurtis Schell to third
Runner from 3rd tries for Home, SAFE, throw by CF to home
Batting: LHB Brian Kohman 0-0: Foul Ball, location: 2F
0-1: Ball
1-1: Swinging Strike
1-2: Fly out, F8 (Flyball, 8RM, EV 86.2 MPH)
Bottom of the 3rd over - 3 runs, 3 hits, 0 errors, 1 left on base; Bar Harbor 0 - San Francisco 4
TOP OF THE 4TH
Bar Harbor Islanders batting - Pitching for San Francisco Seals : RHP Leodis Tra
Batting: LHB Gibson Frantz 0-0: Ball
1-0: Ball
2-0: Called Strike
2-1: Swinging Strike
2-2: Strikes out swinging
Batting: SHB Art Villani 0-0: Ball
1-0: SINGLE (Line Drive, 9LS, EV 98.8 MPH)
Batting: RHB Andy Mandeville 0-0: Foul Ball, location: 2F
0-1: Ball
1-1: Ball
2-1: Called Strike
2-2: Ball
3-2: Grounds into double play, 6-4-3 (Groundball, 6, EV 98.8 MPH)
Top of the 4th over - 0 runs, 1 hit, 0 errors, 0 left on base; Bar Harbor 0 - San Francisco 4
BOTTOM OF THE 4TH
San Francisco Seals batting - Pitching for Bar Harbor Islanders : RHP Jaden Morehouse
Batting: RHB Nic Muth 0-0: Ball
1-0: Ball
2-0: Ball
3-0: Base on Balls
Pitching: RHP Jason Owen
Batting: RHB Braden Coleman 0-0: SINGLE (Groundball, 56D, EV 102.5 MPH)
Nic Muth to second
Batting: RHB Jarod Henderson 0-0: Ball
1-0: Ball
2-0: Ball
3-0: Called Strike
3-1: Swinging Strike
3-2: Foul Ball, location: 2F
3-2: Foul Ball, location: 2F
3-2: Strikes out looking
Batting: RHB Kyle Phipps 0-0: Ball
1-0: Fly out, F9 (Flyball, 89M, EV 93.8 MPH)
Batting: RHB Devon Roberson 0-0: Ball
1-0: Foul Ball, location: 2F
1-1: Ball
2-1: Swinging Strike
2-2: Fielders Choice at 2nd, 6-4 (Groundball, 6, EV 100.0 MPH)
Bottom of the 4th over - 0 runs, 1 hit, 0 errors, 2 left on base; Bar Harbor 0 - San Francisco 4
TOP OF THE 5TH
Bar Harbor Islanders batting - Pitching for San Francisco Seals : RHP Leodis Tra
Batting: RHB Gaven Robinson 0-0: Ball
1-0: Ground out 6-3 (Groundball, 6, EV 83.8 MPH)
Batting: RHB Jaxon King 0-0: Ground out 5-3 (Groundball, 56S, EV 78.1 MPH)
Batting: RHB Clayton Brubaker 0-0: Called Strike
0-1: Foul Ball, location: 2F
0-2: Ground out 5-3 (Groundball, 56, EV 82.5 MPH)
Top of the 5th over - 0 runs, 0 hits, 0 errors, 0 left on base; Bar Harbor 0 - San Francisco 4
BOTTOM OF THE 5TH
San Francisco Seals batting - Pitching for Bar Harbor Islanders : RHP Jason Owen
Batting: RHB Landon Dyer 0-0: Called Strike
0-1: Ball
1-1: Swinging Strike
1-2: Strikes out swinging
Batting: LHB Kurtis Schell 0-0: Called Strike
0-1: Foul Ball, location: 2F
0-2: Ball
1-2: Foul Ball, location: 2F
1-2: Strikes out swinging
Batting: LHB Walt Barefoot 0-0: Ball
1-0: Ball
2-0: Called Strike
2-1: Foul Ball, location: 2F
2-2: Strikes out looking
Bottom of the 5th over - 0 runs, 0 hits, 0 errors, 0 left on base; Bar Harbor 0 - San Francisco 4
TOP OF THE 6TH
Bar Harbor Islanders batting - Pitching for San Francisco Seals : RHP Leodis Tra
Batting: RHB Gareth Peraza 0-0: Ball
1-0: Ball
2-0: Ball
3-0: Called Strike
3-1: Foul Ball, location: 2F
3-2: Fly out, F7 (Flyball, 7, EV 80.0 MPH)
Batting: RHB Malcolm Taylor 0-0: Called Strike
0-1: Ball
1-1: Fly out, F9 (Flyball, 9, EV 97.5 MPH)
Batting: LHB Jeremy Morrell 0-0: Ball
1-0: Ball
2-0: Ball
3-0: Base on Balls
Batting: LHB Gibson Frantz 0-0: Swinging Strike
0-1: Ground out U3 (Groundball, 3L, EV 102.5 MPH)
Top of the 6th over - 0 runs, 0 hits, 0 errors, 1 left on base; Bar Harbor 0 - San Francisco 4
BOTTOM OF THE 6TH
San Francisco Seals batting - Pitching for Bar Harbor Islanders : RHP Jason Owen
Batting: LHB Brian Kohman 0-0: Called Strike
0-1: Swinging Strike
0-2: Foul Ball, location: 2F
0-2: Ball
1-2: Strikes out looking
Batting: RHB Nic Muth 0-0: Called Strike
0-1: Ball
1-1: Foul Ball, location: 2F
1-2: Foul Ball, location: 2F
1-2: SINGLE (Line Drive, 89S, EV 105.0 MPH)
Batting: RHB Braden Coleman 0-0: Ball
1-0: Called Strike
1-1: Swinging Strike
1-2: Foul Ball, location: 2F
1-2: Strikes out swinging
Pitching: RHP Jared Bedard
Batting: RHB Jarod Henderson 0-0: Foul Ball, location: 2F
0-1: Ball
1-1: Called Strike
1-2: Strikes out swinging
Bottom of the 6th over - 0 runs, 1 hit, 0 errors, 1 left on base; Bar Harbor 0 - San Francisco 4
TOP OF THE 7TH
Bar Harbor Islanders batting - Pitching for San Francisco Seals : RHP Leodis Tra
Pitching: LHP Bud Kouklakis
Batting: SHB Art Villani 0-0: Called Strike
0-1: Ball
1-1: Swinging Strike
1-2: Ball
2-2: Strikes out swinging
Batting: RHB Andy Mandeville 0-0: Swinging Strike
0-1: Swinging Strike
0-2: Ball
1-2: Strikes out swinging
Batting: RHB Gaven Robinson 0-0: Ball
1-0: Foul Ball, location: 2F
1-1: Ball
2-1: Ball
3-1: Fly out, F9 (Flyball, 9, EV 93.1 MPH)
Top of the 7th over - 0 runs, 0 hits, 0 errors, 0 left on base; Bar Harbor 0 - San Francisco 4
BOTTOM OF THE 7TH
San Francisco Seals batting - Pitching for Bar Harbor Islanders : RHP Jared Bedard
Batting: RHB Kyle Phipps 0-0: Foul Ball, location: 2F
0-1: Ball
1-1: Foul Ball, location: 2F
1-2: Ground out 6-3 (Groundball, 6, EV 88.8 MPH)
Batting: RHB Devon Roberson 0-0: Ball
1-0: Ground out 5-3 (Groundball, 56S, EV 80.0 MPH)
Batting: RHB Landon Dyer 0-0: Ball
1-0: Ground out 6-3 (Groundball, 6M, EV 88.1 MPH)
Bottom of the 7th over - 0 runs, 0 hits, 0 errors, 0 left on base; Bar Harbor 0 - San Francisco 4
TOP OF THE 8TH
Bar Harbor Islanders batting - Pitching for San Francisco Seals : LHP Bud Kouklakis
Batting: RHB Jaxon King 0-0: Fly out, F8 (Flyball, 8RM, EV 84.4 MPH)
Batting: RHB Clayton Brubaker 0-0: Ball
1-0: Ball
2-0: Called Strike
2-1: Swinging Strike
2-2: Ball
3-2: Strikes out swinging
Batting: RHB Gareth Peraza 0-0: Ball
1-0: Ball
2-0: Foul Ball, location: 2F
2-1: Swinging Strike
2-2: Foul Ball, location: 2F
2-2: Ball
3-2: Foul Ball, location: 2F
3-2: Fly out, F9 (Flyball, 9LS, EV 77.5 MPH)
Top of the 8th over - 0 runs, 0 hits, 0 errors, 0 left on base; Bar Harbor 0 - San Francisco 4
BOTTOM OF THE 8TH
San Francisco Seals batting - Pitching for Bar Harbor Islanders : RHP Jared Bedard
Batting: LHB Kurtis Schell 0-0: Ball
1-0: Called Strike
1-1: Called Strike
1-2: Foul Ball, location: 2F
1-2: Ball
2-2: Foul Ball, location: 2F
2-2: Strikes out swinging
Batting: LHB Walt Barefoot 0-0: Ball
1-0: Ball
2-0: Ground out 4-3 (Groundball, 4, EV 107.5 MPH)
Batting: LHB Brian Kohman 0-0: Called Strike
0-1: Ball
1-1: Called Strike
1-2: Strikes out looking
Bottom of the 8th over - 0 runs, 0 hits, 0 errors, 0 left on base; Bar Harbor 0 - San Francisco 4
TOP OF THE 9TH
Bar Harbor Islanders batting - Pitching for San Francisco Seals : LHP Bud Kouklakis
Pitching: RHP Reid Bothun
Batting: RHB Malcolm Taylor 0-0: Called Strike
0-1: Ball
1-1: Foul Ball, location: 2F
1-2: Foul Ball, location: 2F
1-2: Strikes out swinging
Batting: LHB Jeremy Morrell 0-0: Ball
1-0: Ground out 6-3 (Groundball, 6, EV 78.8 MPH)
Batting: LHB Gibson Frantz 0-0: Called Strike
0-1: Called Strike
0-2: Ball
1-2: Strikes out swinging
Top of the 9th over - 0 runs, 0 hits, 0 errors, 0 left on base; Bar Harbor 0 - San Francisco 4
Monday, April 29th , 2024 - OOTP Baseball 23.10 Build 110